 Dungeon Crawl Stone Soup version 0.24.0-13-gcf9b3192b9 (webtiles) character file.

Game seed: 1957409678140858384, levelgen mode: deterministic

126 Monsterracer the Poker (level 4, -1/27 HPs)
             Began as a Deep Elf Abyssal Knight on Nov 6, 2019.
             Was a Believer of Lugonu.
             Killed by divine providence
             ... invoked by an orc priest
              (9 damage)
             ... on level 4 of the Dungeon.
             The game lasted 00:04:57 (4826 turns).

Monsterracer the Poker (Deep Elf Abyssal Knight)    Turns: 4826, Time: 00:04:58

Health: -1/27      AC: 10    Str: 10    XL:     4   Next: 83%
Magic:  7/7        EV: 11    Int: 17    God:    Lugonu [**....]
Gold:   135        SH:  0    Dex: 14    Spells: 3/3 levels left

rFire    . . .     SeeInvis .   s - +0 quarterstaff
rCold    + . .     Gourm    .   (shield currently unavailable)
rNeg     . . .     Faith    .   r - +0 ring mail
rPois    .         Spirit   .   (no helmet)
rElec    .         Reflect  .   (no cloak)
rCorr    .         Harm     .   k - +0 pair of gloves
MR       .....                  q - +0 pair of boots
Stlth    +.........             (no amulet)
HPRegen  0.09/turn              C - ring of protection from cold
MPRegen  0.10/turn              t - +3 ring of protection

@: no status effects
A: no striking features
a: Depart the Abyss, Bend Space, Renounce Religion


You were on level 4 of the Dungeon.
You worshipped Lugonu.
Lugonu was pleased with you.
You were not hungry.

You visited 1 branch of the dungeon, and saw 4 of its levels.
You visited the Abyss 1 time.

You collected 135 gold pieces.

Inventory:

Hand Weapons
 s - a +0 quarterstaff (weapon)
   (You found it on level 3 of the Dungeon)
Armour
 k - a +0 pair of gloves (worn)
   (You found it on level 1 of the Dungeon)
 q - a +0 pair of boots (worn)
   (You found it on level 2 of the Dungeon)
 r - a +0 ring mail (worn)
   (You took it off a kobold on level 2 of the Dungeon)
Jewellery
 t - a +3 ring of protection (right hand)
   (You found it on level 3 of the Dungeon)
 C - a ring of protection from cold (left hand)
   (You found it on level 2 of the Dungeon)
Scrolls
 a - a scroll of remove curse {unknown}
 d - 3 scrolls of teleportation {unknown}
 i - 2 scrolls of magic mapping {unknown}
 j - 4 scrolls of identify {unknown}
 m - 2 scrolls of enchant weapon {unknown}
 n - a scroll of fog {unknown}
 p - a scroll of amnesia {unknown}
Potions
 e - 2 potions of lignification {unknown}
 f - 4 potions of curing {unknown}
 g - a potion of haste {unknown}
 h - 3 potions of flight {unknown}
 l - a potion of heal wounds {unknown}
 o - a potion of berserk rage {unknown}
Comestibles
 c - 6 rations


   Skills:
 - Level 2.4 Fighting
   Level 3.6(3.7) Polearms
 + Level 1.3(3.3) Staves
 - Level 0.7 Armour
 - Level 2.4 Dodging
 - Level 2.0 Invocations


You had 3 spell levels left.
You didn't know any spells.
Your spell library was empty.

Dungeon Overview and Level Annotations

Branches:
Dungeon (4/15)
 Temple: D:4-7

Altars:
Ashenzari
Kikubaaqudgha
Qazlal
The Shining One


Message History

The orc priest mumbles some strange prayers to Beogh against you.
Pain shoots through your body!
An orc wizard comes into view. It is wielding a +0 dagger.
You see here a leather armour.
The orc priest mumbles some strange prayers to Beogh against you.
Beogh smites you!
Ouch! That really hurt!
* * * LOW HITPOINT WARNING * * *
There is a stone staircase leading up here.
You climb upwards.
There is a stone staircase leading down here.
You eat one of the 7 rations.
That ration really hit the spot!
You start resting.
HP restored.
You see here 19 stones.
There is an escape hatch in the floor here.
Really go through this one-way escape hatch?
You slide downwards.
The hatch slams shut behind you.
A frilled lizard comes into view.
Found a scroll labeled YCRIF MOURR.
You completely miss the frilled lizard.
The frilled lizard bites you but does no damage. x2
You closely miss the frilled lizard. The frilled lizard barely misses you.
You sock the frilled lizard!
You kill the frilled lizard!
Lugonu accepts your kill.
You see here a frilled lizard corpse.
No target in view!
j - 4 scrolls labeled YCRIF MOURR (gained 1)
You open the door.
Found a spear.
There is an open door here.
You see here a spear.
You open the door.
An orc comes into view. It is wielding a +0 whip.
The orc shouts!
Found 7 javelins.
An orc is nearby!
There is an open door here.
You hit the orc.
The orc is severely wounded.
The orc hits you but does no damage.
You hit the orc but do no damage.
The orc is severely wounded.
The orc barely misses you.
You hit the orc.
The orc is almost dead.
The orc closely misses you.
You hit the orc.
You kill the orc!
Lugonu accepts your kill.
No target in view!
No target in view!
Things that are here:
a +0 whip; a +0 ring mail; an orc corpse
Things that are here:
a +0 whip; a +0 ring mail; an orc corpse
There is an open door here.
You open the door.
A hound and a worm come into view.
Found a ration.
There are monsters nearby!
An ogre comes into view. It is wielding a +0 giant spiked club.
The ogre shouts!
A giant cockroach comes into view.
The hound bites you. The hound bites you but does no damage.
The hound bites you but does no damage. The hound bites you but does no damage.
The hound bites you. The hound completely misses you.
The hound bites you but does no damage. The hound barely misses you.
The giant cockroach waves its antennae.
The hound bites you. The hound barely misses you. The hound closely misses you.
Found a stone staircase leading down.
An ogre comes into view. It is wielding a +0 giant spiked club.
The ogre shouts!
The hound bites you. The ogre closely misses you. The hound bites you.
The ogre barely misses you. The hound bites you but does no damage.
The hound closely misses you.
The ogre hits you with a +0 giant spiked club.
* * * LOW HITPOINT WARNING * * *
The hound barely misses you. The hound bites you but does no damage.
The hound bites you but does no damage. The hound barely misses you.
The hound bites you but does no damage. The hound barely misses you.
The hound bites you.
* * * LOW HITPOINT WARNING * * *
The hound closely misses you.
The orc priest shouts!
The orc priest mumbles some strange prayers to Beogh against you.
Beogh smites you!
You die...

.......# #.#..#.#.##..#
.....#.# #.#.....s....#
####.#.# #....#.#.###.#####
####.#.####.#..............
............#.##O#...#.#.#####
####.#.####.#.##O#.#.......o..
#..#.#.# #.#.##.#.#.#.#.#...
#.##.#.# #.#.##h###.#.#.#.####
#.##.#.# #.#...@....#.#.#.....
#....#.####.####.###.#.?...oo..
#.####......# #.# #.###.######
......).##### #.# #o# .#
#.####.## #.# #.# .# #.# #.#
#.# #[# .# #.# #.#########o#
#.# .# #.# #...........# #.# ..
#<# ###########.# #<# .#


You could see 2 ogres, a hound and an orc priest.

Vanquished Creatures
  2 adders (D:3 D:4)
  3 gnolls (D:3 D:2)
  A shadow imp (D:3)
  4 worms (D:2 D:3)
  2 dart slugs (D:2 D:3)
  4 leopard geckos (D:2 D:3)
  An orc (D:4)
  3 bats (D:1 D:2)
  9 hobgoblins (D:1 D:2 D:3)
  2 jackals (D:2)
  8 kobolds (D:1 D:2)
  2 quokkas (D:3)
  2 ball pythons (D:2 D:3)
  6 frilled lizards (D:2 D:3 D:4)
  A goblin (D:2)
  4 rats (D:2)
54 creatures vanquished.

Notes
Turn   | Place    | Note
-------+----------+-------------------------------------------
     0 | Abyss:1  | Monsterracer the Deep Elf Abyssal Knight began the quest
                  | for the Orb.
     0 | Abyss:1  | Reached XP level 1. HP: 13/13 MP: 4/4
    18 | D:1      | Escaped the Abyss
   742 | D:2      | Reached skill level 2 in Polearms
   742 | D:2      | Reached XP level 2. HP: 18/18 MP: 5/5
  1266 | D:2      | HP: 7/18 [leopard gecko (3)]
  1271 | D:2      | HP: 3/18 [leopard gecko (3)]
  1545 | D:2      | Reached XP level 3. HP: 22/22 MP: 6/6
  1579 | D:2      | Reached ** piety under Lugonu
  1868 | D:2      | Found an ancient bone altar of Kikubaaqudgha.
  2136 | D:3      | HP: 10/22 [shadow imp/nerve-wracking pain (12)]
  2314 | D:3      | Reached skill level 3 in Polearms
  2362 | D:3      | Found a shattered altar of Ashenzari.
  2362 | D:3      | Found a glowing golden altar of the Shining One.
  2362 | D:3      | Found a stormy altar of Qazlal.
  2489 | D:3      | HP: 10/22 [gnoll/+0 spear (4)]
  2491 | D:3      | HP: 4/22 [gnoll/+0 spear (6)]
  2755 | D:2      | HP: 7/22 [gnoll/+0 club (6)]
  2759 | D:2      | Reached XP level 4. HP: 9/27 MP: 7/7
  3181 | D:3      | HP: 13/27 [worm (4)]
  3890 | D:3      | HP: 12/27 [adder (2)]
  3897 | D:3      | HP: 11/27 [poisoned by an adder]
  3905 | D:3      | HP: 9/27 [poisoned by an adder]
  4278 | D:4      | Reached skill level 1 in Staves
  4479 | D:4      | HP: 4/27 [orc priest/divine providence (14)]
  4782 | D:4      | Noticed an ogre
  4804 | D:4      | Noticed an ogre
  4811 | D:4      | HP: 11/27 [ogre/+0 giant spiked club (6)]
  4822 | D:4      | HP: 7/27 [hound (5)]
  4826 | D:4      | Killed from afar by an orc priest

Levels and vault maps discovered:
D:1:      matt_arrival_refuge, layout_loops_ring
D:2:      layout_loops_ring, marbit_many_paths, minmay_stone_trees_medium,
          minmay_small_reverse_x
D:3:      layout_loops_corners, chequers_temple_overflow_statue_of_worship,
          first_ration
D:4:      kennysheep_six_static_rooms, layout_basic, hex_tiny, led_xom_imps

Skill      XL: |  1  2  3  4 |
---------------+-------------+-----
Polearms       | 2 3 |  3.6
Staves         | 1 |  1.3
Fighting       | |  2.4
Armour         | |  0.7
Dodging        | |  2.4
Invocations    | |  2.0

Action                   |  1- 3 |  4- 6 || total
-------------------------+-------+-------++-------
Melee: Spear             |   166 |    63 ||   229
       Quarterstaff      |       |    35 ||    35
 Stab: Sleeping          |     2 |       ||     2
  Eat: Chunk             |     4 |     2 ||     6
       Ration            |       |     2 ||     2
Armor: Leather armour    |    23 |       ||    23
       Ring mail         |     2 |    36 ||    38
Dodge: Dodged            |    71 |    54 ||   125
